Map: Rifts to Korhal

Players

sTkmonk

  • Race: Terran Terran
  • Spawn Location: 7:00

monk

  • Race: Protoss Protoss
  • Spawn Location: 7:00

VOD

Have the link to the VOD?

Description

Time

  • Played on: Aug. 16, 2017, 2 a.m.
  • Length: 20:57
Show
View Real Time Build Order
Export as new Build Order

sTkmonk Terran 

Build Orders:  

Get SALT Encoding   

Show
View Real Time Build Order
Export as new Build Order

monk Protoss 

Build Orders:  

Get SALT Encoding   

  12  0:00  Probe (Chrono Boost)  
  13  0:12  Probe (Chrono Boost)  
  14  0:24  Probe (Chrono Boost)  
  15  1:05  Nexus  
  15  1:18  Probe (Chrono Boost)  
  15  1:20  Pylon  
  16  1:30  Probe (Chrono Boost)  
  16  1:34  Assimilator  
  17  1:42  Probe (Chrono Boost)  
  17  1:48  Assimilator  
  18  1:54  Probe (Chrono Boost)  
  19  2:07  Probe (Chrono Boost)  
  20  2:19  Gateway, Probe (Chrono Boost)  
  21  2:31  Probe (Chrono Boost)  
  22  2:43  Probe (Chrono Boost)  
  22  2:44  Probe (Chrono Boost)  
  24  2:55  Probe (Chrono Boost)  
  24  2:56  Probe (Chrono Boost)  
  26  3:07  Probe (Chrono Boost)  
  26  3:09  Probe (Chrono Boost)  
  27  3:18  Sentinel (Chrono Boost), Probe (Chrono Boost)  
  28  3:21  Probe (Chrono Boost)  
  28  3:22  Solar Efficiency Level 1  
  28  3:28  Probe (Chrono Boost)  
  32  3:35  Probe  
  34  3:41  Probe  
  35  3:50  Sentinel (Chrono Boost), Probe  
  35  3:57  Probe  
  38  4:01  Pylon  
  38  4:06  Probe  
  40  4:10  Probe (Chrono Boost)  
  41  4:20  Probe (Chrono Boost)  
  41  4:24  Probe (Chrono Boost)  
  43  4:31  Cybernetics Core  
  43  4:33  Probe (Chrono Boost)  
  43  4:36  Probe (Chrono Boost)  
  43  4:39  Protoss Ground Weapons Level 1 (Chrono Boost)  
  45  4:45  Probe (Chrono Boost)  
  45  4:47  Pylon  
  46  4:50  Assimilator  
  46  4:52  Probe (Chrono Boost)  
  46  4:55  Forge  
  46  4:57  Probe (Chrono Boost)  
  48  5:04  Probe (Chrono Boost)  
  48  5:09  Probe (Chrono Boost)  
  49  5:11  Warp Gate  
  50  5:21  Probe (Chrono Boost)  
  50  5:23  Energizer  
  50  5:24  Twilight Council  
  53  5:34  Assimilator  
  53  5:36  Protoss Ground Weapons Level 2 (Chrono Boost)  
  53  5:42  Probe  
  53  5:47  Reconstruction (Chrono Boost)  
  54  5:51  Probe  
  54  5:52  Pylon  
  54  5:58  Robotics Facility  
  55  6:22  Immortal  
  55  6:25  Gateway  
  55  6:26  Gateway  
  55  6:27  Charge (Chrono Boost)  
  55  6:31  Immortal  
  55  6:32  Gateway  
  55  6:35  Gateway  
  55  6:38  Gateway  
  55  6:40  Reclamation (Chrono Boost)  
  55  6:51  Pylon  
  63  7:27  Sentinel  
  63  7:31  Energizer  
  63  7:34  Sentinel  
  65  7:44  Sentinel  
  65  7:49  Protoss Ground Weapons Level 3  
  65  7:54  Sentinel x2  
  65  7:57  Sentinel  
  65  7:59  Sentinel  
  69  8:03  Pylon  
  69  8:05  Sentinel  
  69  8:06  Sentinel x2  
  69  8:07  Sentinel  
  73  8:40  Pylon  
  73  8:42  Pylon  
  73  8:43  Sentinel x5, Immortal (Chrono Boost)  
  73  8:44  Sentinel  
  89  9:04  Rapid Recharging (Chrono Boost)  
  89  9:21  Pylon  
  89  9:23  Energizer  
  89  9:24  Energizer x2  
  89  9:26  Sentinel x2  
  99  9:30  Observer (Chrono Boost)  
  100  9:40  Energizer  
  100  9:46  Pylon  
  100  9:47  Pylon  
  102  9:51  Observer (Chrono Boost)  
  102  9:54  Sentinel x3  
  102  9:55  Sentinel  
  102  9:56  Sentinel  
  102  9:57  Sentinel  
  102  9:58  Sentinel  
  109  10:00  Sentinel x2  
  109  10:01  Sentinel  
  109  10:02  Sentinel  
  109  10:03  Pylon  
  109  10:04  Energizer  
  109  10:09  Immortal (Chrono Boost)  
  111  10:14  Sentinel  
  115  10:34  Sentinel x3  
  115  10:35  Sentinel  
  117  10:41  Sentinel  
  117  10:48  Immortal (Chrono Boost)  
  113  10:54  Sentinel  
  113  10:55  Pylon  
  113  10:56  Sentinel  
  115  11:05  Pylon  
  115  11:13  Energizer x3  
  115  11:16  Sentinel x3  
  127  11:26  Sentinel  
  127  11:27  Pylon  
  127  11:28  Sentinel  
  127  11:31  Immortal (Chrono Boost)  
  127  11:32  Sentinel  
  127  11:34  Sentinel x2  
  127  11:36  Sentinel  
  131  11:45  Energizer, Sentinel  
  133  12:03  Energizer  
  135  12:10  Immortal (Chrono Boost)  
  135  12:17  Gateway  
  135  12:19  Sentinel  
  139  12:21  Gateway  
  139  12:24  Sentinel  
  139  12:25  Sentinel  
  139  12:27  Pylon  
  139  12:30  Sentinel  
  139  12:31  Energizer x2  
  139  12:32  Sentinel x2  
  139  12:34  Sentinel x6  
  139  12:36  Sentinel  
  151  12:43  Sentinel  
  151  12:49  Immortal (Chrono Boost)  
  145  12:54  Sentinel  
  145  12:59  Protoss Shields Level 1  
  147  13:00  Sentinel x3  
  147  13:01  Sentinel  
  147  13:08  Sentinel  
  155  13:11  Sentinel  
  151  13:21  Pylon  
  151  13:25  Energizer  
  149  13:30  Energizer x2  
  149  13:31  Energizer  
  149  13:35  Sentinel x2  
  157  13:51  Pylon  
  157  13:55  Immortal (Chrono Boost)  
  157  14:06  Sentinel  
  157  14:08  Sentinel  
  161  14:19  Sentinel  
  163  14:20  Sentinel x3  
  169  14:34  Immortal (Chrono Boost)  
  169  14:43  Sentinel  
  169  14:44  Sentinel  
  169  14:45  Sentinel  
  169  14:48  Sentinel  
  169  14:49  Pylon  
  173  14:50  Sentinel, Pylon  
  173  14:51  Sentinel  
  173  14:52  Sentinel  
  173  14:53  Pylon  
  173  14:54  Energizer  
  173  14:55  Energizer  
  173  14:57  Sentinel  
  173  14:58  Sentinel x5  
  173  14:59  Sentinel  
  189  15:06  Pylon  
  189  15:10  Sentinel  
  189  15:11  Sentinel  
  189  15:14  Sentinel  
  189  15:16  Sentinel  
  189  15:23  Sentinel x4  
  189  15:24  Sentinel x8  
  199  15:41  Sentinel  
  199  15:45  Sentinel x2  
  199  15:47  Sentinel  
  199  15:48  Sentinel  
  193  15:50  Sentinel x2  
  183  16:25  Sentinel  
  183  16:26  Sentinel x7  
  193  16:35  Sentinel  
  193  16:37  Sentinel  
  193  16:38  Sentinel x3  
  189  16:47  Sentinel  
  189  16:52  Sentinel  
  189  16:53  Sentinel  
  157  17:13  Energizer x2  
  157  17:14  Energizer x3  
  157  17:15  Energizer  
  157  17:16  Sentinel  
  164  17:29  Sentinel  
  166  17:33  Pylon  
  165  17:40  Sentinel  
  165  17:42  Sentinel  
  165  17:45  Sentinel  
  165  17:47  Sentinel, Immortal (Chrono Boost)  
  165  17:48  Sentinel  
  165  17:51  Sentinel x6  
  165  17:52  Energizer  
  165  17:58  Pylon  
  165  17:59  Photon Cannon  
  181  18:02  Photon Cannon  
  181  18:03  Photon Cannon  
  181  18:04  Photon Cannon  
  181  18:05  Photon Cannon  
  181  18:07  Sentinel, Photon Cannon  
  181  18:08  Photon Cannon x2  
  181  18:09  Sentinel  
  181  18:11  Sentinel x2  
  181  18:12  Sentinel  
  181  18:13  Sentinel x3  
  181  18:14  Sentinel x2  
  181  18:16  Sentinel  
  181  18:18  Sentinel  
  180  18:20  Sentinel  
  180  18:26  Sentinel, Immortal (Chrono Boost)  
  180  18:28  Sentinel  
  180  18:29  Energizer x2  
  178  18:30  Energizer x3  
  178  18:31  Energizer x2, Sentinel  
  178  18:32  Sentinel  
  178  18:33  Sentinel  
  178  18:37  Sentinel  
  190  18:44  Sentinel x2  
  182  18:52  Pylon  
  172  19:01  Sentinel x4  
  172  19:02  Sentinel x4  
  170  19:12  Pylon  
  170  19:18  Pylon  
  158  19:27  Energizer x3  
  158  19:28  Energizer x2  
  158  19:29  Sentinel x3  
  132  19:57  Sentinel x5  
  132  19:58  Sentinel x3  
Tags
 
Commander
KaraxRaynor
Matchup
Co-op
Replay Pack
Co-op Speedrun
Add a new tag
Caveats
  • Supply blocks, unpowered buildings, or Contaminate may cause inaccurate times.
  • Supply counts are checked every 10 seconds.